Map: Deathaura LE

Players

Probe

  • Race: Protoss Protoss
  • Spawn Location: 5:00

RiSky - Winner!

  • Race: Zerg Zerg
  • Spawn Location: 11:00

Event: DreamHack SC2 Masters 2020 Summer Oceania RoA

VOD

Have the link to the VOD?

Description

Time

  • Played on: June 28, 2020, 6:39 a.m.
  • Length: 20:56

All games in this series

Show
View Real Time Build Order
Export as new Build Order

Probe Protoss 

Build Orders: 1 Gate Expand, Oracle Opening, Phoenix Opening, Archon Immortal 

Get SALT Encoding   

  12  0:00  Probe  
  13  0:12  Probe  
  14  0:18  Pylon  
  14  0:24  Probe  
  15  0:30  Assimilator  
  15  0:33  Probe  
  16  0:42  Probe  
  16  0:43  Gateway  
  17  0:53  Probe  
  18  1:06  Probe  
  19  1:18  Probe  
  20  1:26  Nexus  
  20  1:35  Cybernetics Core  
  20  1:37  Probe  
  21  1:45  Assimilator  
  21  1:50  Pylon  
  21  1:52  Probe  
  22  2:02  Adept  
  22  2:03  Probe  
  23  2:11  Probe  
  25  2:16  Stargate  
  25  2:20  Probe  
  26  2:26  Warp Gate  
  27  2:30  Probe  
  27  2:34  Stalker, Probe  
  30  2:42  Probe x2  
  33  2:52  Probe  
  33  2:54  Probe  
  33  2:57  Oracle  
  35  3:04  Probe  
  39  3:06  Probe, Pylon  
  40  3:16  Probe  
  40  3:17  Gateway  
  40  3:19  Probe  
  42  3:28  Probe  
  42  3:29  Phoenix  
  42  3:31  Assimilator, Probe  
  42  3:33  Assimilator  
  44  3:40  Probe  
  47  3:43  Robotics Facility, Probe  
  47  3:44  Pylon  
  48  3:52  Probe  
  48  3:54  Pylon  
  48  3:55  Probe  
  50  4:05  Probe  
  50  4:07  Probe  
  50  4:08  Pylon  
  52  4:14  Adept  
  52  4:15  Adept  
  57  4:17  Probe  
  57  4:19  Probe  
  58  4:28  Nexus  
  58  4:29  Probe  
  58  4:30  Pylon  
  59  4:33  Observer  
  59  4:35  Sentry x2  
  64  4:42  Immortal  
  64  4:43  Probe  
  64  4:44  Probe  
  66  4:48  Shield Battery  
  66  4:56  Probe x2  
  72  5:08  Probe x2  
  72  5:14  Immortal, Pylon  
  74  5:18  Twilight Council  
  74  5:20  Probe x2  
  76  5:22  Forge  
  80  5:32  Probe x2  
  80  5:34  Assimilator  
  82  5:36  Assimilator  
  82  5:41  Gateway  
  82  5:43  Gateway  
  82  5:44  Probe  
  82  5:45  Probe x2  
  85  5:53  Shield Battery  
  85  5:56  Shield Battery, Probe  
  87  5:57  Probe  
  87  6:03  Zealot x2  
  85  6:05  Probe  
  85  6:08  Immortal, Probe  
  85  6:09  Probe  
  84  6:13  Photon Cannon  
  87  6:26  Zealot x2  
  87  6:29  Probe  
  87  6:31  Probe  
  88  6:36  Probe  
  84  6:40  Probe x2  
  84  6:42  Immortal  
  84  6:44  Templar Archives  
  86  6:48  Probe  
  86  6:50  Pylon  
  86  6:51  Protoss Ground Weapons Level 1, Charge, Probe  
  86  6:53  Sentry  
  93  6:54  Zealot  
  93  6:55  Probe  
  97  7:02  Probe, Pylon x2  
  97  7:06  Probe  
  97  7:08  Probe  
  99  7:14  Probe  
  100  7:18  Probe  
  100  7:19  Gateway  
  100  7:20  Gateway, Probe  
  100  7:22  Immortal  
  102  7:27  Pylon  
  102  7:29  High Templar x2, Pylon  
  110  7:31  High Templar  
  110  7:35  Archon, High Templar  
  114  7:40  Archon  
  114  7:41  Pylon  
  114  7:42  Pylon, Probe x2  
  116  7:45  Pylon  
  116  7:52  Immortal  
  116  7:56  Gateway  
  116  7:59  Gateway  
  116  8:04  High Templar x3  
  126  8:07  Pylon  
  126  8:08  Pylon x2  
  126  8:09  Archon, High Templar  
  128  8:17  Archon  
  128  8:22  Pylon  
  128  8:26  Observer  
  128  8:28  Probe  
  128  8:29  Psionic Storm  
  128  8:30  Photon Cannon  
  128  8:31  High Templar x2, Shield Battery  
  128  8:33  Nexus  
  132  8:34  Pylon  
  132  8:36  Archon  
  132  8:40  Shield Battery  
  132  8:41  Sentry x2  
  132  8:42  Shield Battery x2  
  132  8:44  Shield Battery  
  132  8:45  Shield Battery  
  131  8:55  High Templar  
  131  8:56  High Templar x2  
  131  8:57  Zealot  
  139  9:06  High Templar  
  141  9:11  Photon Cannon  
  141  9:12  Photon Cannon  
  141  9:13  High Templar, Shield Battery  
  141  9:14  Zealot x2  
  145  9:18  Archon  
  145  9:24  Pylon  
  145  9:29  Zealot x4  
  149  9:38  Immortal  
  146  9:52  Zealot x7  
  152  9:55  Nexus  
  152  9:57  High Templar  
  154  10:11  Warp Prism  
  154  10:12  Nexus  
  154  10:15  High Templar x2  
  154  10:16  Zealot x2  
  154  10:19  Pylon  
  164  10:34  Zealot x4  
  156  10:43  High Templar x2  
  156  10:47  Archon  
  160  10:54  High Templar x3  
  160  10:55  High Templar  
  168  10:58  Archon x2  
  168  11:01  Zealot x2  
  168  11:03  Shield Battery x2  
  172  11:06  Shield Battery  
  172  11:07  Probe x4  
  174  11:19  Probe  
  174  11:20  Phoenix  
  174  11:22  Stalker x2  
  174  11:23  Stalker x2  
  170  11:30  Stalker x4  
  146  11:50  Zealot x4  
  104  12:04  Zealot x4  
  104  12:06  Phoenix  
  94  12:11  Zealot x2  
  89  12:27  High Templar x4  
  91  12:30  Phoenix  
  91  12:33  Archon x2, Zealot  
  91  12:34  Zealot  
  97  12:38  Probe x2  
  97  12:41  Probe x2  
  97  12:42  Pylon  
  100  12:50  Probe x2  
  101  12:52  Immortal  
  101  12:53  Probe x2  
  101  12:55  Phoenix  
  108  13:00  High Templar, Zealot x2  
  108  13:01  Probe x2, Zealot x3  
  108  13:03  Assimilator, Probe x2  
  123  13:07  Assimilator  
  123  13:09  Probe x2  
  123  13:11  Probe x2  
  124  13:17  Probe x2  
  124  13:19  Probe  
  128  13:23  Zealot x4  
  128  13:24  Zealot x2  
  135  13:37  High Templar x2  
  135  13:38  Probe x2  
  135  13:41  Archon  
  141  13:43  Zealot  
  141  13:44  Zealot x3  
  149  13:48  Immortal  
  145  13:56  High Templar  
  147  14:05  High Templar x2  
  147  14:07  High Templar x2  
  155  14:17  Photon Cannon, Gateway, Zealot  
  155  14:18  Zealot  
  154  14:29  Immortal  
  115  14:46  Zealot x7  
  129  14:58  Archon  
  115  15:02  Nexus  
  113  15:09  High Templar x2  
  113  15:10  High Templar x5  
  127  15:14  Archon x3  
  127  15:19  Observer  
  128  15:21  Pylon  
  124  15:28  Photon Cannon  
  124  15:30  Immortal, Pylon  
  102  15:38  Zealot x4  
  114  15:43  Zealot x3  
  114  15:47  Photon Cannon  
  114  15:49  Photon Cannon  
  120  15:52  Archon  
  120  16:01  Archon  
  106  16:04  Zealot x4  
  106  16:10  Immortal  
  106  16:13  High Templar  
  106  16:14  High Templar x2  
  112  16:22  Probe  
  117  16:32  High Templar x4  
  125  16:36  Archon  
  125  16:37  Archon  
  125  16:48  Zealot x3  
  112  17:03  Archon  
  112  17:07  Zealot x4  
  108  17:11  High Templar  
  110  17:19  High Templar x2  
  114  17:30  High Templar x2, Zealot  
  120  17:42  Archon  
  120  17:43  Zealot  
  120  17:44  Zealot  
  112  17:57  Zealot  
  112  17:58  Zealot x2  
  110  18:08  Zealot x4  
  114  18:12  Archon  
  102  18:27  High Templar x3  
  106  18:34  High Templar  
  106  18:35  Zealot x3  
  110  18:59  High Templar, Zealot  
  110  19:00  High Templar, Zealot x3  
  122  19:08  Assimilator  
  122  19:09  Assimilator  
  122  19:11  Archon  
  122  19:12  Pylon  
  122  19:14  Photon Cannon, Shield Battery  
  122  19:15  Pylon  
  122  19:16  Zealot x3  
  128  19:18  Shield Battery  
  128  19:23  Zealot  
  96  19:43  High Templar x2, Zealot  
  96  19:44  Zealot  
  94  19:48  Archon  
  94  20:06  Zealot x3  
  83  20:22  Archon  
  49  20:36  Zealot x3  
Show
View Real Time Build Order
Export as new Build Order

RiSky Zerg - Winner!

Build Orders: Hatch First 

Get SALT Encoding   

  12  0:01  Drone  
  13  0:13  Overlord  
  13  0:17  Drone  
  14  0:31  Drone x2  
  16  0:49  Hatchery  
  15  0:51  Drone  
  15  0:56  Drone  
  17  0:58  Drone  
  18  1:10  Extractor  
  17  1:14  Spawning Pool  
  17  1:16  Drone  
  17  1:24  Drone  
  18  1:29  Drone  
  19  1:39  Drone  
  20  1:50  Overlord  
  20  2:01  Queen  
  20  2:02  Zergling x4, Queen  
  26  2:12  Drone  
  26  2:13  Drone  
  28  2:15  Metabolic Boost  
  29  2:22  Drone  
  29  2:23  Drone  
  30  2:37  Hatchery  
  30  2:38  Drone  
  30  2:45  Drone  
  30  2:48  Queen  
  33  2:53  Overlord  
  33  2:57  Drone  
  34  3:02  Drone x2  
  36  3:13  Drone x2  
  36  3:14  Drone x2  
  36  3:15  Drone  
  36  3:18  Overlord  
  41  3:21  Drone  
  42  3:27  Spore Crawler, Queen  
  42  3:29  Drone  
  44  3:35  Evolution Chamber  
  44  3:40  Drone x2  
  45  3:44  Drone x2  
  45  3:45  Drone  
  45  3:48  Drone, Spore Crawler  
  49  3:49  Overlord  
  48  3:56  Drone  
  48  3:58  Drone  
  48  4:00  Drone  
  48  4:02  Drone x3  
  54  4:05  Queen  
  54  4:08  Zerg Melee Weapons Level 1  
  56  4:11  Overlord  
  56  4:16  Zergling x4  
  59  4:17  Zergling x2  
  59  4:21  Spore Crawler, Overlord  
  59  4:24  Overlord  
  58  4:31  Drone x3  
  58  4:35  Drone x3  
  64  4:39  Drone x2  
  64  4:40  Overlord  
  64  4:42  Lair  
  64  4:43  Drone  
  67  4:47  Drone x2  
  67  4:49  Zergling x4  
  71  4:53  Overlord  
  71  4:55  Extractor x2  
  71  4:56  Zergling x2  
  71  4:58  Overlord  
  70  5:01  Roach Warren  
  70  5:04  Drone  
  70  5:05  Overlord  
  70  5:09  Overlord  
  70  5:14  Drone  
  70  5:15  Zergling x8  
  70  5:19  Zergling x8  
  78  5:24  Zergling x8  
  82  5:29  Zergling x2  
  82  5:32  Zergling x2, Extractor x2  
  82  5:35  Zergling x2  
  83  5:39  Drone  
  83  5:41  Glial Reconstitution, Hydralisk Den  
  83  5:42  Drone  
  84  5:43  Drone  
  84  5:51  Drone  
  84  5:52  Drone x3  
  84  5:53  Overlord  
  84  5:54  Drone x2  
  84  5:56  Drone  
  91  5:59  Drone  
  91  6:02  Drone  
  91  6:03  Drone x2  
  90  6:09  Drone x2  
  90  6:10  Extractor  
  90  6:12  Muscular Augments  
  90  6:13  Drone  
  90  6:18  Drone x2  
  92  6:25  Overlord  
  92  6:27  Drone  
  92  6:28  Hatchery, Drone, Zerg Melee Weapons Level 2  
  92  6:29  Overlord  
  92  6:30  Hydralisk  
  95  6:33  Hatchery  
  95  6:35  Hydralisk x2  
  95  6:38  Hydralisk, Zergling x2  
  95  6:39  Hydralisk  
  103  6:43  Hydralisk x2  
  103  6:45  Zergling x4  
  108  6:49  Hydralisk  
  108  6:52  Hydralisk  
  110  6:56  Hydralisk  
  110  6:59  Hydralisk  
  109  7:01  Hydralisk  
  109  7:05  Hydralisk  
  109  7:07  Hydralisk x2  
  115  7:10  Zergling x2  
  115  7:11  Zergling x6  
  115  7:15  Roach  
  118  7:16  Baneling Nest  
  118  7:21  Roach  
  119  7:24  Grooved Spines  
  119  7:25  Hydralisk x2  
  119  7:26  Hydralisk x2  
  119  7:29  Overseer  
  127  7:35  Zergling x8  
  131  7:38  Zergling x6  
  131  7:39  Zergling x2  
  131  7:40  Zergling x4  
  137  7:47  Overlord  
  137  7:53  Drone x6  
  137  7:56  Overlord x3  
  143  7:59  Centrifical Hooks  
  143  8:00  Overlord  
  143  8:05  Overlord  
  143  8:07  Drone  
  143  8:08  Drone  
  143  8:09  Overlord  
  143  8:12  Overlord  
  143  8:14  Overlord  
  143  8:19  Drone x2  
  145  8:21  Drone  
  145  8:22  Drone  
  145  8:26  Zergling x14  
  153  8:30  Zergling x6  
  156  8:35  Zergling x8  
  156  8:40  Zergling x10  
  165  8:44  Baneling x23  
  165  8:46  Zerg Missile Weapons Level 1  
  165  8:49  Zergling x8  
  165  8:54  Hatchery  
  168  9:02  Spire  
  167  9:03  Extractor  
  167  9:04  Extractor  
  167  9:05  Baneling x10  
  167  9:09  Zergling x24  
  177  9:17  Zergling x10  
  173  9:34  Overseer  
  173  9:36  Drone x14  
  175  9:50  Zergling x12  
  158  10:00  Unknown  
  158  10:01  Zergling x16  
  158  10:03  Unknown  
  165  10:07  Zergling x18  
  165  10:13  Baneling x28  
  173  10:16  Zerg Flyer Weapons Level 1, Zergling x2  
  173  10:17  Zergling x6  
  176  10:30  Mutalisk x10  
  176  10:33  Mutalisk x2  
  194  10:38  Mutalisk  
  194  10:43  Mutalisk  
  194  10:44  Mutalisk  
  194  10:46  Zergling x4  
  200  10:58  Infestation Pit, Spine Crawler  
  200  10:59  Spine Crawler  
  200  11:00  Zergling x2  
  200  11:01  Zergling x4  
  200  11:02  Spine Crawler  
  199  11:04  Spine Crawler  
  199  11:09  Zergling x4  
  200  11:17  Zergling x16  
  199  11:20  Zergling x2  
  199  11:21  Zergling x26  
  199  11:22  Zergling x2  
  199  11:25  Zergling x2  
  196  11:29  Zergling x10  
  196  11:36  Baneling x21  
  187  11:41  Zergling x12  
  187  11:46  Hydralisk x2  
  162  11:51  Hydralisk x3  
  153  11:55  Hydralisk  
  132  12:02  Hydralisk  
  132  12:03  Hydralisk x3  
  130  12:09  Hydralisk x3  
  130  12:13  Hydralisk x2  
  137  12:16  Zergling x8  
  137  12:19  Zergling x2  
  137  12:20  Zergling x6  
  137  12:21  Zergling x2  
  144  12:24  Hydralisk  
  144  12:25  Hydralisk  
  140  12:30  Zergling x8  
  140  12:34  Zerg Missile Weapons Level 2, Zergling x4  
  146  12:37  Zergling x6  
  146  12:43  Zergling x2  
  149  12:46  Zergling x4  
  149  12:48  Baneling x16  
  151  12:55  Zergling x2  
  151  12:56  Zergling x8  
  152  12:59  Zergling x10  
  152  13:03  Zergling x6  
  155  13:06  Hive  
  155  13:09  Zergling x4  
  157  13:16  Zergling x2  
  157  13:17  Zergling x2  
  158  13:22  Zergling x10  
  158  13:25  Hatchery  
  152  13:28  Zergling x6  
  152  13:32  Overseer  
  148  13:36  Zergling x2  
  148  13:37  Zergling x16  
  148  13:38  Baneling x2  
  148  13:39  Baneling x2  
  157  13:46  Baneling x12  
  156  13:49  Zergling x6  
  156  13:51  Zergling x4  
  156  13:55  Zergling x8  
  159  13:58  Zergling x4  
  159  13:59  Zergling x2  
  159  14:00  Baneling x4  
  162  14:03  Zergling x6  
  162  14:06  Baneling  
  162  14:07  Baneling x2  
  162  14:08  Baneling x7  
  165  14:11  Zergling x6  
  165  14:14  Zergling x4  
  166  14:26  Zergling x20  
  167  14:32  Zergling x4  
  167  14:38  Hydralisk x6  
  152  14:43  Zergling x8  
  147  14:47  Hydralisk x2  
  147  14:52  Zergling x8  
  149  14:57  Zergling x4  
  136  15:00  Hydralisk x3  
  136  15:03  Hydralisk x2  
  136  15:04  Hydralisk  
  142  15:08  Hydralisk x2  
  142  15:11  Baneling x9  
  144  15:16  Baneling x10  
  144  15:24  Zergling x14  
  142  15:30  Zergling x4  
  142  15:31  Zergling x12  
  142  15:33  Zergling x6  
  138  15:37  Hydralisk x2  
  138  15:42  Zergling x12  
  148  15:46  Adrenal Glands  
  148  15:48  Baneling  
  148  15:49  Baneling x5  
  148  15:50  Zergling x2  
  148  15:53  Baneling x7  
  125  16:04  Zergling x18  
  125  16:09  Hydralisk x4  
  132  16:12  Zergling x6  
  132  16:15  Baneling x6  
  135  16:19  Zergling x4  
  135  16:20  Zergling x6  
  135  16:23  Zergling x6  
  143  16:29  Zergling x10  
  143  16:31  Zergling x6  
  151  16:34  Zergling x4  
  151  16:35  Zergling x2  
  151  16:37  Zergling x2  
  151  16:38  Zergling x2  
  156  16:43  Zergling x4  
  156  16:44  Zergling x8  
  160  16:48  Zergling x14  
  160  16:49  Zergling x2  
  156  16:55  Overlord  
  156  16:56  Zergling x6  
  134  17:02  Hydralisk x4  
  134  17:06  Hydralisk  
  119  17:09  Hydralisk x4  
  119  17:12  Overseer  
  119  17:14  Hydralisk x3  
  130  17:17  Hydralisk  
  132  17:22  Hydralisk  
  132  17:23  Hydralisk x2  
  132  17:26  Hydralisk x2  
  132  17:28  Zergling x4  
  144  17:30  Zergling x4  
  144  17:32  Baneling x3  
  144  17:35  Zergling x8  
  150  17:37  Zergling x2  
  150  17:38  Zergling x2  
  150  17:41  Zergling x2  
  150  17:42  Zergling x6  
  149  17:45  Zergling x6  
  149  17:47  Baneling x4  
  149  17:50  Zergling x2  
  149  17:51  Zergling x6  
  154  17:55  Zergling x8  
  154  17:57  Hydralisk x2  
  145  18:00  Zergling x2  
  131  18:06  Hydralisk x4  
  128  18:13  Hydralisk x3  
  126  18:20  Zergling x10  
  126  18:23  Hydralisk  
  126  18:25  Zergling x4  
  131  18:28  Hydralisk  
  131  18:32  Zergling x2  
  128  18:36  Zergling x6  
  128  18:39  Zergling x2  
  132  18:44  Zergling x4  
  132  18:45  Queen x2  
  132  18:47  Zergling x4  
  139  18:51  Baneling x12  
  139  18:52  Baneling  
  139  18:53  Baneling  
  139  18:55  Zergling x6  
  142  18:58  Zergling x2  
  142  18:59  Zergling x2  
  145  19:02  Zergling x2  
  145  19:03  Zergling x2  
  145  19:05  Overseer  
  145  19:07  Zergling x4  
  145  19:09  Zergling x2  
  149  19:11  Hatchery  
  149  19:14  Zergling x2  
  149  19:15  Zergling x2  
  150  19:21  Zergling x6  
  150  19:23  Zergling x2  
  150  19:29  Zergling x8  
  146  19:34  Zergling x4  
  145  19:38  Zergling x2  
  145  19:41  Baneling x15  
  145  19:44  Zergling x6  
  145  19:45  Zergling x2  
  147  19:48  Zergling x2  
  147  19:50  Zergling x2  
  149  19:54  Zergling x4  
  150  20:00  Zergling x6  
  150  20:06  Zergling x12  
  159  20:11  Zergling x2  
  159  20:13  Baneling x9  
  159  20:14  Baneling x12  
  159  20:21  Zergling x10  
  151  20:25  Zergling x4  
  128  20:36  Zergling x18  
Tags
 
Add a new tag
Caveats
  • Supply blocks, unpowered buildings, or Contaminate may cause inaccurate times.
  • Supply counts are checked every 10 seconds.